 Dungeon Crawl Stone Soup version 0.31-a0-931-g7b59d4eb97 (webtiles) character file.

Game seed: 2876323126503647553

17215 retardedninja the Destroyer (level 12, -2/77 HPs)
             Began as a Gargoyle Fire Elementalist on Oct 19, 2023.
             Was an Elder of Vehumet.
             Slain by Snorg (3 damage)
             ... on level 11 of the Dungeon.
             The game lasted 00:27:56 (19400 turns).

retardedninja the Destroyer (GrFE)                 Turns: 19400, Time: 00:27:57

Health: -2/77      AC: 14    Str: 12    XL:     12   Next: 45%
Magic:  13/24      EV: 12    Int: 24    God:    Vehumet [****..]
Gold:   562        SH:  0    Dex: 10    Spells: 16/28 levels left

rFire   . . .        h - +1 morningstar of the Land of Plenty {spect, rPois Int+3}
rCold   . . .        (no shield)
rNeg    + . .        a - +0 robe
rPois   ∞            l - +2 helmet of the Wumpus {Will+ Stlth+}
rElec   +            (no cloak)
rCorr   .            b - +0 pair of gloves
SInv    .            (no boots)
Will    ++...        (no amulet)
Stlth   +++          f - ring of willpower
HPRegen 0.32/turn    m - +4 ring of slaying
MPRegen 0.19/turn

%: no passive effects
@: no status effects
A: sickness immunity, AC +8, negative energy resistance 1, electricity
resistance, torment resistance 1, petrification resistance
a: Renounce Religion


You were on level 11 of the Dungeon.
You worshipped Vehumet.
Vehumet was greatly pleased with you.
You visited 2 branches of the dungeon, and saw 12 of its levels.
You also visited: Sewer.

You collected 562 gold pieces.

Inventory:

Hand Weapons
 h - the +1 morningstar of the Land of Plenty (weapon) {spect, rPois Int+3}
   (You found it on level 8 of the Dungeon)

   Int+3:     It affects your intelligence (+3).
   rPois:     It protects you from poison
Armour
 a - a +0 robe (worn)
 b - a +0 pair of gloves (worn)
 l - the +2 helmet of the Wumpus (worn) {Will+ Stlth+}
   (You took it off Robin on level 3 of the Dungeon)

   Will+:     It increases your willpower.
   Stlth+:    It makes you more stealthy.
Jewellery
 f - a ring of willpower (left hand)
 m - a +4 ring of slaying (right hand)
Talismans
 x - a blade talisman
Wands
 i - a wand of polymorph (5)
 q - a wand of mindburst (8)
 D - a wand of flame (30)
 E - a wand of digging (5)
Scrolls
 e - a scroll of revelation {unknown}
 k - a scroll of silence
 o - 2 scrolls of amnesia
 p - a scroll of butterflies {unknown}
 r - a scroll of enchant armour {unknown}
 w - 2 scrolls of teleportation
 y - a scroll of immolation
Potions
 c - 4 potions of resistance
 d - a potion of heal wounds
 g - 5 potions of curing
 j - 6 potions of haste
 n - 2 potions of attraction
 s - 5 potions of enlightenment
 t - a potion of lignification
 u - 4 potions of brilliance
 v - a potion of cancellation
 z - a potion of berserk rage {unknown}
 A - a potion of mutation


   Skills:
 + Level 9.8 Fighting
 - Level 1.7 Dodging
 - Level 2.4 Stealth
 + Level 8.6 Spellcasting
 + Level 10.0 Conjurations
 + Level 9.6 Fire Magic
 + Level 7.5 Air Magic


You had 16 spell levels left.
You knew the following spells:

 Your Spells              Type           Power      Damage    Failure   Level
a - Foxfire               Conj/Fire      100%       2x1d9     1%          1
b - Scorch                Fire           100%       2d9       1%          2
c - Flame Wave            Conj/Fire      55%        2d13      1%          4
d - Arcjolt               Conj/Air       25%        1d35      1%          5

Your spell library contained the following spells:

 Spells                   Type           Power      Damage    Failure   Level
 Lee's Rapid Deconstruct  Erth           5%         3d6*      38%         5
 Inner Flame              Hex/Fire       33%        N/A       1%          3
 Swiftness                Air            46%        N/A       1%          3
 Volatile Blastmotes      Fire/Tloc      66%        2d15      1%          3
 Apportation              Tloc           20%        N/A       6%          1
 Ensorcelled Hibernation  Hex/Ice        20%        N/A       10%         2
 Jinxbite                 Hex            20%        N/A       10%         2
 Passwall                 Tmut/Erth      8%         N/A       10%         2
 Wereblood                Tmut           10%        N/A       10%         2
 Vhi's Electric Charge    Tloc/Air       56%        N/A       13%         4
 Ozocubu's Armour         Ice            10%        N/A       19%         3
 Anguish                  Hex/Necr       5%         N/A       52%         4
 Alistair's Intoxication  Tmut/Pois      6%         N/A       86%         5
 Maxwell's Capacitive Co  Air            23%        ∞         98%         8
 Summon Cactus Giant      Summ           5%         N/A       100%        6
 Ozocubu's Refrigeration  Ice            5%         4d8       100%        7
 Summon Hydra             Summ           5%         N/A       100%        7
 Sublimation of Blood     Necr           Unusable   N/A       N/A         2

Dungeon Overview and Level Annotations

Branches:
Dungeon (11/15)            Temple (1/1) D:4            Lair (0/5) D:11
  Sewer (visited)
    Orc: D:9-12

Altars:
Ashenzari
Cheibriados
Dithmenos
Elyvilon
Fedhas
Gozag
Hepliaklqana
Kikubaaqudgha
Makhleb
Nemelex Xobeh
Okawaru
Qazlal
Ru
Sif Muna
Trog
Uskayaw
Vehumet
Wu Jian
Xom
Yredelemnul
Zin
The Shining One

Shops:
D:4 =   D:9 :

Annotations:
D:11 Snorg


Innate Abilities, Weirdness & Mutations

You are immune to sickness and miasma.
Your stone body is resilient. (AC +8)
You are immune to poison.
You resist negative energy. (rN+)
You are resistant to electric shocks. (rElec)
You are resistant to unholy torment.
You are immune to petrification.


Message History

Flames lash Snorg.
Snorg shouts!
Snorg is lightly wounded.
Snorg's fire resistance burns away.
Snorg goes berserk!
Unknown command.
Casting: Scorch (safe; 1% risk of failure)
Confirm with . or Enter, or press ? or * to list all spells.
Flames lash Snorg.
Snorg is burned terribly!
Snorg is moderately wounded.
Unknown command.
Casting: Scorch (safe; 1% risk of failure)
Confirm with . or Enter, or press ? or * to list all spells.
Flames lash Snorg.
Snorg is burned terribly!
Snorg is moderately wounded.
Snorg bites you but does no damage. Snorg closely misses you.
Snorg barely misses you.
Casting: Scorch (safe; 1% risk of failure)
Confirm with . or Enter, or press ? or * to list all spells.
Casting: Flame Wave (safe; 1% risk of failure)
Press: ? - help, Dir - look around, f - activate A wave of flame ripples out!
The flame wave engulfs Snorg!!
Snorg is burned terribly!
Snorg is heavily wounded. (Press . to intensify the flame waves.) Snorg closely misses you.
Snorg claws you! Snorg barely misses you. x2
Snorg claws you but does no damage. Snorg claws you!!
A wave of flame ripples out!
The flame wave engulfs Snorg!
Snorg is burned terribly!
Snorg is heavily wounded.
Snorg bites you! Snorg claws you! x2
* * * LOW HITPOINT WARNING * * *
Unknown command.
A wave of flame ripples out!
The flame wave engulfs Snorg!
Snorg is burned terribly!
Snorg is severely wounded.
Snorg bites you but does no damage. Snorg claws you but does no damage. x2
Snorg barely misses you. Snorg claws you!!
* * * LOW HITPOINT WARNING * * *
Snorg claws you.
You die...

........###.#
.##.##...##.##
#......... #
##...##.## #.
#........<# #. ##
#####.##### #.#.## #.#
#.T.# ##+## #@#
##...## #.# ##.....##
##.## ##.......##
##...####.........##
#.......'.......(.'.
####...####.....(..>##
#.......# ##.......##
#.....#.# ##.....##
#.....#.# ##...##


You could see Snorg (berserk, combustible).

Vanquished Creatures
  A hydra (D:8)
  3 two-headed ogres
  3 death yaks (D:11)
  A tengu warrior (D:8)
  Urug (D:11)
  Sonja (D:11)
  A deep elf pyromancer (D:8)
  2 cyclopes
  2 gargoyles
  A komodo dragon (D:10)
  A kobold demonologist (D:8)
  A troll (D:10)
  A hornet (D:11)
  A vampire (D:8)
  A wraith (D:10)
  19 yaks
  3 steam dragons
  Menkaure (D:5)
  An acid dragon (D:11)
  A water moccasin (D:8)
  2 orc warriors
  3 sky beasts
  4 black bears
  3 ogres
  2 phantoms
  2 kobold brigands
  Blork the orc (D:5)
  4 bullfrogs
  A gnoll sergeant (D:7)
  3 scorpions
  16 wights
  18 killer bees
  5 howler monkeys
  4 hounds
  5 jellies
  7 orc priests
  2 sleepcaps
  6 iguanas
  Natasha (thrice) (D:3)
  A hell rat (D:11)
  8 orc wizards
  Robin (D:3)
  7 gnolls (D:7)
  12 adders
  2 river rats
  3 shadow imps
  A white imp (D:5)
  2 ufetubi (D:5)
  3 worms
  2 dart slugs (D:2)
  28 orcs
  16 endoplasms
  2 giant cockroaches (D:1)
  19 goblins
  17 hobgoblins
  6 jackals
  8 quokkas
  6 ball pythons
  5 bats
  3 frilled lizards
  21 kobolds
  10 rats
320 creatures vanquished.

Vanquished Creatures (collateral kills)
  2 foxfires (D:7)
2 creatures vanquished.

Vanquished Creatures (others)
  942 foxfires
942 creatures vanquished.

Grand Total: 1264 creatures vanquished

Notes
Turn   | Place    | Note
-------+----------+-------------------------------------------
     0 | D:1      | retardedninja the Gargoyle Fire Elementalist began the
                  | quest for the Orb.
     0 | D:1      | Reached XP level 1. HP: 10/10 MP: 3/3
   319 | D:1      | Reached XP level 2. HP: 11/15 MP: 0/5
  1248 | D:1      | Reached XP level 3. HP: 20/20 MP: 3/6
  1965 | D:2      | Reached skill level 2 in Conjurations
  2140 | D:2      | Reached skill level 1 in Fighting
  2255 | D:2      | Reached skill level 1 in Air Magic
  2255 | D:2      | Reached XP level 4. HP: 23/25 MP: 0/7
  2371 | D:2      | Reached XP level 5. HP: 19/29 MP: 3/8
  2942 | D:3      | Identified the +2 helmet of the Wumpus {Will+ Stlth+}
  2942 | D:3      | Noticed Robin
  3524 | D:2      | Learned a level 2 spell: Scorch
  3531 | D:3      | Killed Robin
  3673 | D:3      | Reached XP level 6. HP: 12/35 MP: 0/10
  3981 | D:3      | Reached skill level 3 in Conjurations
  4129 | D:3      | Found a snail-covered altar of Cheibriados.
  4218 | D:3      | Found an iron altar of Okawaru.
  4220 | D:3      | You fall into a shaft and drop 1 floor!
  4822 | D:3      | Noticed Natasha
  4830 | D:3      | Killed Natasha
  4929 | D:3      | Found a faded altar of an unknown god.
  4971 | D:3      | Noticed Natasha
  4985 | D:3      | Killed Natasha
  5083 | D:3      | Noticed Natasha
  5089 | D:3      | Killed Natasha
  5350 | D:4      | Found Kocs's Jewellery Shoppe.
  5488 | D:4      | Found a staircase to the Ecumenical Temple.
  5501 | D:4      | Reached XP level 7. HP: 35/41 MP: 6/12
  5511 | Temple   | Entered the Ecumenical Temple
  5565 | Temple   | Became a worshipper of Vehumet
  6290 | D:5      | Entered Level 5 of the Dungeon
  6475 | D:5      | Found a burning altar of Makhleb.
  6475 | D:5      | Noticed an Executioner
  6478 | D:5      | Noticed a ynoxinul
  6478 | D:5      | Noticed a ynoxinul
  6500 | D:5      | Noticed Blork the orc
  6506 | D:5      | Killed Blork the orc
  6507 | D:5      | Reached skill level 4 in Conjurations
  6537 | D:5      | Noticed Menkaure
  6545 | D:5      | Killed Menkaure
  6546 | D:5      | Reached skill level 5 in Fire Magic
  6546 | D:5      | Reached XP level 8. HP: 23/48 MP: 3/14
  7196 | D:5      | Learned a level 4 spell: Flame Wave
  7961 | D:5      | Reached skill level 5 in Conjurations
  8238 | D:6      | Reached * piety under Vehumet
  8238 | D:6      | Offered knowledge of Shock by Vehumet.
  8247 | D:6      | Found a glowing drain.
  8290 | Sewer    | Entered a sewer
  9307 | D:6      | Reached skill level 5 in Fighting
  9387 | D:6      | Reached XP level 9. HP: 54/54 MP: 13/16
  9859 | D:6      | Reached skill level 5 in Spellcasting
 10226 | D:6      | Found a shimmering altar of Xom.
 10247 | D:6      | Reached ** piety under Vehumet
 10247 | D:6      | Offered knowledge of Searing Ray by Vehumet.
 10878 | D:6      | Reached skill level 6 in Conjurations
 12013 | D:7      | Offered knowledge of Dazzling Flash by Vehumet.
 12638 | D:7      | Reached *** piety under Vehumet
 12951 | D:8      | Reached XP level 10. HP: 61/61 MP: 11/18
 12955 | D:8      | Reached skill level 5 in Air Magic
 13091 | D:8      | Identified the +2 robe "Hunlack" {rN++ Int-5}
 13343 | D:8      | Reached skill level 7 in Conjurations
 13388 | D:8      | Noticed a deep elf pyromancer
 13388 | D:8      | Noticed a kobold demonologist
 13394 | D:8      | Noticed a tengu warrior
 13396 | D:8      | Killed a deep elf pyromancer
 13398 | D:8      | Killed a kobold demonologist
 13398 | D:8      | Offered knowledge of Frozen Ramparts by Vehumet.
 13580 | D:8      | Noticed a boulder beetle
 13597 | D:8      | Noticed a two-headed ogre
 13613 | D:8      | Killed a two-headed ogre
 13879 | D:8      | Noticed a five-headed hydra
 13894 | D:8      | Killed a five-headed hydra
 14224 | D:8      | Identified the +1 morningstar of the Land of Plenty {spect,
                  | rPois Int+3}
 14292 | D:8      | Killed a tengu warrior
 14293 | D:8      | Reached skill level 8 in Conjurations
 14293 | D:8      | Reached XP level 11. HP: 35/68 MP: 6/21
 14702 | D:8      | Noticed a cyclops
 14733 | D:7      | Learned a level 5 spell: Arcjolt
 14800 | D:8      | Killed a cyclops
 15044 | D:8      | Found a hazy altar of Hepliaklqana.
 15428 | D:9      | Reached **** piety under Vehumet
 15529 | D:9      | Offered knowledge of Irradiate by Vehumet.
 15750 | D:9      | Noticed a two-headed ogre
 15756 | D:9      | Killed a two-headed ogre
 16256 | D:9      | Identified the +1 ring mail "Gyec" {Str+3}
 16578 | D:9      | Found Voremm's Book Boutique.
 16793 | D:10     | Entered Level 10 of the Dungeon
 16969 | D:10     | Found a blossoming altar of Fedhas.
 17094 | D:10     | Noticed a two-headed ogre
 17251 | D:10     | Reached skill level 9 in Conjurations
 17707 | D:10     | Reached ***** piety under Vehumet
 17707 | D:10     | Offered knowledge of Lee's Rapid Deconstruction by Vehumet.
 18075 | D:11     | Noticed a two-headed ogre
 18086 | D:11     | Killed a two-headed ogre
 18281 | D:11     | Identified the +1 ring mail of the Constellations {rN+
                  | Str-3 Int+3 Stlth+}
 18294 | D:11     | Noticed a death yak
 18296 | D:11     | Found a staircase to the Lair.
 18297 | D:11     | Noticed Sonja
 18298 | D:11     | Noticed a death yak
 18299 | D:11     | Noticed a death yak
 18316 | D:11     | Killed a death yak
 18317 | D:11     | Reached XP level 12. HP: 49/76 MP: 12/24
 18318 | D:11     | Killed a death yak
 18319 | D:11     | Killed Sonja
 18324 | D:11     | Killed a death yak
 18869 | D:11     | Noticed Urug
 18878 | D:11     | Killed Urug
 19262 | D:11     | Reached skill level 10 in Conjurations
 19394 | D:11     | Noticed Snorg
 19400 | D:11     | HP: 1/77 [Snorg (18)]
 19400 | D:11     | Slain by Snorg

Illustrated notes

Levels and vault maps discovered:
D:1:      scummos_arrival_simple_fountains, layout_loops_ring
D:2:      cheibrodos_fertilizer, layout_loops_ring
D:3:      layout_basic, mainiacjoe_overflow_tiny_flanked,
          lemuel_coloured_pillars_altar,
          hellmonk_ecumenical_altar_leap_of_faith, chequers_decorated_corner,
          uniq_natasha, uniq_robin
D:4:      layout_loops_ring, minmay_temple_entry_proselytizer, dk_vineyard_1,
          minmay_shop_grid_forest, minmay_increasing_density
D:5:      layout_basic, makhleb_altar_promises_db, uniq_blork_the_orc,
          uniq_menkaure
D:6:      layout_basic, old_standard_altar, gup_sewer_entry_bowl
D:7:      corexii_shantytown, layout_basic
D:8:      layout_cave_pools, lemuel_tele_altar, minmay_evil_grid
D:9:      layout_loops_corners, serial_shops, shop_fountains
D:10:     layout_basic, fedhas_altar_1, nicolae_fountain_basement
D:11:     layout_loops_corners, dpeg_lair_monsters, guppyfry_shop_earth,
          uniq_snorg, uniq_sonja, uniq_urug
Temple:   regret_index_temple_sphere_string

Skill      XL: |  1  2  3  4  5  6  7  8  9 10 11 12 |
---------------+-------------------------------------+-----
Conjurations   | 2 3 4 5 6 8 9 10 | 10.0
Fighting       | 1 2 3 5 6 7 9 |  9.8
Air Magic      | 1 2 3 4 6 7 |  7.5
Spellcasting   | 3 4 5 7 8 |  8.6
Fire Magic     | 4 5 6 8 9 |  9.6
Dodging        | |  1.7
Stealth        | |  2.4

Action                     |  1- 3 |  4- 6 |  7- 9 | 10-12 || total
---------------------------+-------+-------+-------+-------++-------
  Melee: Unarmed           |    29 |       |       |       ||    29
         Spear             |     3 |     7 |    17 |       ||    27
         Halberd           |       |       |     7 |     3 ||    10
         Morningstar       |       |       |       |    31 ||    31
         Punch             |       |       |       |     1 ||     1
   Cast: Foxfire           |   115 |   125 |   239 |   105 ||   584
         Scorch            |       |    15 |   127 |   114 ||   256
         Flame Wave        |       |       |     2 |    31 ||    33
         Arcjolt           |       |       |       |     5 ||     5
  Evoke: Wand              |       |       |     1 |     1 ||     2
    Use: Scroll            |       |     5 |    11 |     6 ||    22
         Potion            |       |       |     4 |     9 ||    13
   Stab: Sleeping          |       |       |       |     1 ||     1
 Armour: Robe              |    63 |    53 |   137 |   239 ||   492
  Dodge: Dodged            |    91 |    45 |   124 |   187 ||   447

Table legend: (Time is in decaauts)
 A = Elapsed time spent in this place.
 B = Non-inter-level travel time spent in this place.
 C = Inter-level travel time spent in this place.
 D = Time resting spent in this place.
 E = Time spent auto-exploring this place.
 F = Levels seen in this place.
 G = Mean time per level.
                   A        B        C        D        E       F      G
               +--------+--------+--------+--------+--------+-----+--------+
         Total |  19493 |  19088 |    405 |   5409 |  10764 |  13 | 1499.5 |
       Dungeon |  18443 |  18080 |    363 |   4894 |  10484 |  11 | 1676.6 |
        Temple |     76 |     34 |     42 |      0 |     32 |   1 |   76.0 |
         Sewer |    973 |    973 |      0 |    515 |    247 |   1 |  973.0 |
               +--------+--------+--------+--------+--------+-----+--------+

Top non-repeatable levels by time:
     D:5: 2302 daAuts
     D:2: 2056 daAuts
     D:7: 2035 daAuts
     D:6: 1874 daAuts
     D:9: 1734 daAuts
     D:8: 1665 daAuts
     D:3: 1515 daAuts
    D:11: 1457 daAuts
     D:1: 1343 daAuts
     D:4: 1302 daAuts
    D:10: 1156 daAuts
   Sewer: 973 daAuts
  Temple: 76 daAuts
